 Dungeon Crawl Stone Soup version 0.29-a0-468-ge57f7f99b4 (webtiles) character file.

Game seed: 18249885301483456649

191 pokeman the Magician (level 5, -4/29 HPs)
             Began as a Deep Elf Hedge Wizard on May 21, 2022.
             Killed by miscasting Mephitic Cloud (9 damage)
             ... on level 4 of the Dungeon.
             The game lasted 00:07:21 (3619 turns).

pokeman the Magician (Deep Elf Hedge Wizard)        Turns: 3619, Time: 00:07:22

Health: -4/29      AC:  4    Str:  7    XL:     5   Next: 42%
Magic:  9/15       EV: 12    Int: 21    God:
Gold:   154        SH:  0    Dex: 14    Spells: 5/16 levels left

rFire   . . .      SeeInvis .   m - +0 arbalest
rCold   . . .      Faith    .   (shield currently unavailable)
rNeg    . . .      Spirit   .   r - +0 leather armour
rPois   .          Reflect  .   c - +0 hat
rElec   .          Harm     .   (no cloak)
rCorr   .          Rampage  .   (no gloves)
Will    .....                   l - +0 pair of boots
Stlth   ++........              (no amulet)
HPRegen 0.09/turn               (no ring)
MPRegen 0.14/turn               (no ring)

@: very slightly contaminated
A: no striking features
a: no special abilities


You were on level 4 of the Dungeon.
You visited 1 branch of the dungeon, and saw 4 of its levels.

You collected 154 gold pieces.

Inventory:

Hand Weapons
 m - a +0 arbalest (weapon)
 q - a +4 long sword
Armour
 c - a +0 hat (worn)
 l - a +0 pair of boots (worn)
 r - a +0 leather armour (worn)
Magical Staves
 j - a staff of air
 s - a staff of fire
Scrolls
 e - 3 scrolls of identify {unknown}
 f - 2 scrolls of teleportation {unknown}
 g - a scroll of immolation {unknown}
 h - a scroll of vulnerability {unknown}
 i - a scroll of noise {unknown}
Potions
 a - a potion of berserk rage {unknown}
 b - a potion of curing {unknown}
 d - a potion of magic
 k - 2 potions of ambrosia {unknown}
 n - a potion of lignification {unknown}
 o - 2 potions of degeneration {unknown}
 p - 2 potions of flight {unknown}
 t - a potion of might {unknown}
 u - a potion of attraction {unknown}


   Skills:
 + Level 1.5 Fighting
 + Level 1.7 Armour
 - Level 2.4 Dodging
 - Level 2.4 Stealth
 * Level 6.2 Spellcasting
 + Level 2.7 Conjurations
 - Level 1.1 Summonings
 - Level 1.1 Translocations


You had 5 spell levels left.
You knew the following spells:

 Your Spells              Type           Power      Damage    Failure   Level
a - Magic Dart            Conj           72%        1d6       4%          1
b - Mephitic Cloud        Conj/Pois/Air  10%        N/A       28%         3
c - Call Imp              Summ           11%        N/A       13%         2
d - Blink                 Tloc           22%        N/A       13%         2
e - Conjure Flame         Conj/Fire      12%        6-21      24%         3

Your spell library contained the following spells:

 Spells                   Type           Power      Damage    Failure   Level
 Slow                     Hex            24%        N/A       14%         1


Dungeon Overview and Level Annotations

Branches:
Dungeon (4/15)
 Temple: D:4-7

Altars:


Message History

The orc wizard shouts!
The orc wizard drinks a potion.
The orc wizard seems to speed up.
The orc wizard gestures wildly while chanting.
The orc wizard flickers and vanishes!
Deactivating autopickup; reactivate with Ctrl-A.
Shoot: m) +0 arbalest
Press: ? - help, Q - select action, (/) - cycle Shift-Dir - straight line, f - you Really target yourself?
Okay, then.
Unknown command.
A magic dart appears from out of thin air!
The magic dart hits you.
A puff of flame appears from out of thin air!
The puff of flame misses you.
A magic dart appears from out of thin air!
The magic dart hits you!
Things that are here:
a +0 club; an orc corpse You see here an adder corpse.
A puff of flame appears from out of thin air!
The puff of flame hits you!
Things that are here:
a +0 club; an orc corpse
Casting: Magic Dart (safe; 4% risk of failure)
Confirm with . or Enter, or press ? or * to list all spells.
The spell is quite dangerous to miscast (24% risk of failure)!
Continue anyway?
The fire begins to smoulder!
A magic dart appears from out of thin air!
The magic dart hits you.
* * * LOW HITPOINT WARNING * * *
The fire ignites!
Casting: Conjure Flame (quite dangerous; 24% risk of failure)
Confirm with . or Enter, or press ? or * to list all spells.
The spell is extremely dangerous to miscast (28% risk of failure)!
Continue anyway?
Aiming: Mephitic Cloud (extremely dangerous; 28% risk of failure)
Press: ? - help, Shift-Dir - straight line You miscast Mephitic Cloud.
You are very lightly contaminated with residual magic.
The air around you crackles with energy!
You die...

## .#
##.# #<.#
#@##
####§#
##...†#
##.....##
#..)..{.#
#.......#
#...)...#
##.....##
#......##


There were no monsters in sight!

Vanquished Creatures
  An iguana (D:4)
  4 gnolls (D:2)
  4 adders
  A worm (D:2)
  A dart slug (D:4)
  6 orcs
  5 ball pythons
  9 endoplasms
  4 giant cockroaches (D:1)
  6 goblins
  5 hobgoblins
  6 jackals
  A quokka (D:1)
  6 bats
  8 frilled lizards
  7 kobolds
  10 rats
84 creatures vanquished.

Notes
Turn   | Place    | Note
-------+----------+-------------------------------------------
     0 | D:1      | pokeman the Deep Elf Hedge Wizard began the quest for the
                  | Orb.
     0 | D:1      | Reached XP level 1. HP: 10/10 MP: 7/7
   339 | D:1      | Reached XP level 2. HP: 16/16 MP: 2/9
   790 | D:1      | Reached skill level 5 in Spellcasting
  1092 | D:1      | Reached XP level 3. HP: 20/20 MP: 8/11
  1096 | D:1      | Learned a level 3 spell: Mephitic Cloud
  1099 | D:1      | Learned a level 2 spell: Call Imp
  1102 | D:1      | Learned a level 2 spell: Blink
  1106 | D:1      | Learned a level 3 spell: Conjure Flame
  1471 | D:1      | Reached skill level 1 in Fighting
  1588 | D:2      | Reached skill level 1 in Armour
  1595 | D:2      | Reached XP level 4. HP: 14/25 MP: 3/13
  2413 | D:2      | Found a faded altar of an unknown god.
  2820 | D:3      | Reached XP level 5. HP: 29/29 MP: 10/15
  3174 | D:3      | Reached skill level 6 in Spellcasting
  3619 | D:4      | Killed by miscasting Mephitic Cloud

Illustrated notes

Levels and vault maps discovered:
D:1:      dpeg_arrival_simpleton_c, layout_loops_cross
D:2:      layout_rooms, hellmonk_ecumenical_altar_inner_sanctum,
          minmay_hedge_maze
D:3:      layout_loops_cross
D:4:      layout_rooms, nrook_mini_vaults

Skill      XL: |  1  2  3  4  5 |
---------------+----------------+-----
Spellcasting   | 5 6 |  6.2
Conjurations   | 2 |  2.7
Fighting       | 1 |  1.5
Armour         | 1 |  1.7
Dodging        | |  2.4
Stealth        | |  2.4
Summonings     | |  1.1
Translocations | |  1.1

Action                   |  1- 3 |  4- 6 || total
-------------------------+-------+-------++-------
Melee: Dagger            |     4 |       ||     4
 Fire: Arbalest          |    14 |    25 ||    39
 Cast: Magic Dart        |    93 |    90 ||   183
       Mephitic Cloud    |     3 |     3 ||     6
       Conjure Flame     |       |     2 ||     2
  Use: Potion            |       |     1 ||     1
Armor: Robe              |     5 |     1 ||     6
       Leather armour    |       |     1 ||     1
Dodge: Dodged            |    24 |    15 ||    39

Table legend: (Time is in decaauts)
 A = Elapsed time spent in this place.
 B = Non-inter-level travel time spent in this place.
 C = Inter-level travel time spent in this place.
 D = Time resting spent in this place.
 E = Time spent auto-exploring this place.
 F = Levels seen in this place.
 G = Mean time per level.
                   A        B        C        D        E       F      G
               +--------+--------+--------+--------+--------+-----+--------+
         Total |   3651 |   3496 |    155 |    270 |   2724 |   4 |  912.8 |
       Dungeon |   3651 |   3496 |    155 |    270 |   2724 |   4 |  912.8 |
               +--------+--------+--------+--------+--------+-----+--------+

Top non-repeatable levels by time:
     D:1: 1545 daAuts
     D:2: 996 daAuts
     D:3: 993 daAuts
     D:4: 116 daAuts
